 Dungeon Crawl Stone Soup version 0.30-a0-385-gfebfb9b408 (webtiles) character file.

Game seed: 86975497832309482

441 PyroL the Purveyor of Pain (level 6, 0/32 HPs)
             Began as a Deep Elf Necromancer on Dec 3, 2022.
             Was an Initiate of Kikubaaqudgha.
             Killed from afar by a white imp (11 damage)
             ... with a puff of frost
             ... on level 5 of the Dungeon.
             The game lasted 00:06:24 (4418 turns).

PyroL the Purveyor of Pain (Deep Elf Necromancer)   Turns: 4418, Time: 00:06:25

Health: 0/32       AC:  2    Str:  5    XL:     6   Next: 71%
Magic:  18/18      EV: 12    Int: 22    God:    Kikubaaqudgha [......]
Gold:   313        SH:  3    Dex: 15    Spells: 11/19 levels left

rFire   . . .      SeeInvis .    u - +2 dagger (venom)
rCold   . . .      Faith    .    p - +0 buckler
rNeg    . . .      Spirit   .    a - +0 robe
rPois   .          Reflect  .    (no helmet)
rElec   .          Harm     .    (no cloak)
rCorr   .          Rampage  .    (no gloves)
Will    .....                    (no boots)
Stlth   ++........               (no amulet)
HPRegen 0.25/turn                (no ring)
MPRegen 0.16/turn                (no ring)

@: no status effects
A: no striking features
a: Renounce Religion


You were on level 5 of the Dungeon.
You worshipped Kikubaaqudgha.
Kikubaaqudgha was noncommittal.
You visited 2 branches of the dungeon, and saw 6 of its levels.

You collected 313 gold pieces.

Inventory:

Hand Weapons
 e - a +1 dagger of speed
 u - a +2 dagger of venom (weapon)
Missiles
 c - 6 curare-tipped darts
 v - a throwing net
 w - 5 poisoned darts
Armour
 a - a +0 robe (worn)
 p - a +0 buckler (worn)
Wands
 l - a wand of acid (5)
 o - a wand of flame (28)
Scrolls
 f - 2 scrolls of amnesia
 g - a scroll of poison {unknown}
 h - 3 scrolls of identify
 i - 2 scrolls of enchant weapon {unknown}
 k - 2 scrolls of fear {unknown}
 q - 2 scrolls of magic mapping
 s - a scroll of blinking {unknown}
 t - a scroll of noise {unknown}
Potions
 b - 2 potions of magic
 d - a potion of lignification {unknown}
 j - a potion of haste {unknown}
 m - a potion of ambrosia {unknown}
 n - a potion of curing
 r - a potion of resistance {unknown}


   Skills:
 - Level 2.4 Dodging
 - Level 2.4 Stealth
 + Level 7.1 Spellcasting
 + Level 7.7 Necromancy


You had 11 spell levels left.
You knew the following spells:

 Your Spells              Type           Power      Damage    Failure   Level
a - Necrotise             Necr           100%       1d9       1%          1
b - Vampiric Draining     Necr           41%        2d8       1%          3
c - Animate Dead          Necr           41%        N/A       4%          4

Your spell library contained the following spells:

 Spells                   Type           Power      Damage    Failure   Level
 Freeze                   Ice            28%        1d5       11%         1
 Sandblast                Erth           14%        2d6       11%         1
 Agony                    Necr           41%        N/A       13%         5
 Passwall                 Tmut/Erth      5%         N/A       17%         2
 Frozen Ramparts          Ice            14%        1d3       32%         3
 Hailstorm                Conj/Ice       7%         3d4       32%         3
 Stone Arrow              Conj/Erth      14%        3d7       32%         3


Dungeon Overview and Level Annotations

Branches:
Dungeon (5/15)             Temple (1/1) D:4

Altars:
Ashenzari
Cheibriados
Dithmenos
Elyvilon
Fedhas
Gozag
Hepliaklqana
Kikubaaqudgha
Makhleb
Nemelex Xobeh
Okawaru
Qazlal
Ru
Sif Muna
Trog
Uskayaw
Xom
Yredelemnul
Zin

Shops:
D:4 *[


Message History

Okay, then.
You now have 313 gold pieces (gained 15).
Found a stone staircase leading down.
Found 5 poisoned darts.
q - 2 scrolls of magic mapping (gained 1)
An ice beast comes into view.
You see here 5 poisoned darts.
w - 5 poisoned darts
Found a potion of curing.
A white imp comes into view.
The white imp shouts, "Out, out, thou surly dread-bolted nightsoil!"
The white imp lashes its tail.
The white imp hits you. The white imp freezes you.
You can't see any susceptible monsters within range! (Use Z to cast anyway.)
You can't see any susceptible monsters within range! (Use Z to cast anyway.)
You can't see any susceptible monsters within range! (Use Z to cast anyway.)
You closely miss the white imp.
The white imp grins evilly.
The white imp hits you. The white imp freezes you.
You hit the white imp.
The white imp is poisoned.
The white imp is lightly wounded.
The white imp hits you. The white imp freezes you.
* * * LOW HITPOINT WARNING * * *
The white imp closely misses you.
You barely miss the white imp.
The white imp is lightly wounded.
The white imp hits you.
* * * LOW HITPOINT WARNING * * *
The white imp freezes you.
* * * LOW HITPOINT WARNING * * *
Casting: Necrotise (safe; 1% risk of failure)
Confirm with . or Enter, or press ? or * to list all spells.
You can't see any susceptible monsters within range! (Use Z to cast anyway.) Unknown command.
You hit the white imp.
The white imp is heavily wounded.
The white imp gestures at you. The puff of frost hits you!
You die...
Kikubaaqudgha rasps: "You have failed me!
Welcome... death!"

##
#......###.......#..#
## ...#.. ##......##
.# .#...### #
#.......# . ......
##.#.....#.# ..
.##.#.
.........#.##.. ...#
........##..... .....
...##......#####
#.#..
...#....5.......
#.##.
......##@....... ..#
...... #...#.### .##
...... #..!# # ##
...... ..### .....
### ###.


You could see a white imp (very poisoned).

Vanquished Creatures
  A scorpion (D:5)
  2 hounds
  An orc priest (D:4)
  An iguana (D:4)
  An orc wizard (D:4)
  8 adders
  2 worms
  3 dart slugs (D:2)
  7 orcs
  2 endoplasms
  4 giant cockroaches
  6 goblins
  6 hobgoblins
  6 jackals
  4 quokkas
  5 ball pythons
  5 bats
  4 kobolds
  11 rats
79 creatures vanquished.

Vanquished Creatures (collateral kills)
  Blork the orc (D:5)
  An adder (D:2)
  An endoplasm (D:1)
  A goblin (D:3)
  A rat (D:1)
5 creatures vanquished.

Vanquished Creatures (others)
  An orc zombie (D:4)
1 creature vanquished.

Grand Total: 85 creatures vanquished

Notes
Turn   | Place    | Note
-------+----------+-------------------------------------------
     0 | D:1      | PyroL the Deep Elf Necromancer began the quest for the Orb.
     0 | D:1      | Reached XP level 1. HP: 10/10 MP: 6/6
     1 | D:1      | Found a faded altar of an unknown god.
   113 | D:1      | Reached skill level 5 in Necromancy
   188 | D:1      | Reached XP level 2. HP: 15/15 MP: 3/8
  1022 | D:2      | Reached XP level 3. HP: 19/19 MP: 4/10
  1026 | D:2      | Learned a level 3 spell: Vampiric Draining
  1491 | D:2      | Reached XP level 4. HP: 24/24 MP: 9/12
  1562 | D:2      | Learned a level 4 spell: Animate Dead
  1960 | D:3      | Reached skill level 5 in Spellcasting
  2224 | D:3      | Reached XP level 5. HP: 25/28 MP: 11/14
  2366 | D:3      | Found an opulent altar of Gozag.
  3138 | D:4      | Found Bisec's Antique Armour Shop.
  3220 | D:4      | Found a staircase to the Ecumenical Temple.
  3253 | Temple   | Entered the Ecumenical Temple
  3618 | Temple   | Became a worshipper of Kikubaaqudgha
  3736 | D:4      | Found a sacrificial altar of Ru.
  3750 | D:4      | Reached XP level 6. HP: 29/32 MP: 7/17
  3859 | D:4      | Found Aleklad's General Store.
  4168 | D:5      | Entered Level 5 of the Dungeon
  4203 | D:5      | Noticed Blork the orc
  4213 | D:5      | Killed Blork the orc
  4398 | D:5      | Noticed an ice beast
  4418 | D:5      | Killed from afar by a white imp

Illustrated notes

Levels and vault maps discovered:
D:1:      dpeg_arrival_ratfight, layout_loops_ring,
          ebering_ecumenical_altar_abandoned
D:2:      layout_basic
D:3:      layout_basic, marbit_many_paths, guppyfry_early_orc_mine
D:4:      layout_rooms, nicolae_ru_great_annihilating_truth,
          minmay_temple_entry_wispy, serial_shops, shop, kennysheep_little_box
D:5:      layout_cave_pools, tso_altar, uniq_blork_the_orc
Temple:   minmay_temple_bridge_d

Skill      XL: |  1  2  3  4  5  6 |
---------------+-------------------+-----
Necromancy     | 5 6 7 |  7.7
Spellcasting   | 4 5 6 7 |  7.1
Dodging        | |  2.4
Stealth        | |  2.4

Action                   |  1- 3 |  4- 6 || total
-------------------------+-------+-------++-------
Melee: Dagger            |    20 |    54 ||    74
       Unarmed           |     1 |       ||     1
       Punch             |     1 |     1 ||     2
 Fire: Sling             |       |    23 ||    23
 Cast: Necrotise         |    42 |    77 ||   119
       Animate Dead      |       |     3 ||     3
       Vampiric Draining |       |     1 ||     1
  Use: Scroll            |       |     4 ||     4
 Stab: Sleeping          |     2 |     2 ||     4
Armor: Robe              |     4 |    16 ||    20
Dodge: Dodged            |    12 |    66 ||    78
Block: Buckler           |       |    10 ||    10

Table legend: (Time is in decaauts)
 A = Elapsed time spent in this place.
 B = Non-inter-level travel time spent in this place.
 C = Inter-level travel time spent in this place.
 D = Time resting spent in this place.
 E = Time spent auto-exploring this place.
 F = Levels seen in this place.
 G = Mean time per level.
                   A        B        C        D        E       F      G
               +--------+--------+--------+--------+--------+-----+--------+
         Total |   4409 |   4129 |    280 |    143 |   3454 |   6 |  734.8 |
       Dungeon |   3970 |   3840 |    130 |    143 |   3177 |   5 |  794.0 |
        Temple |    438 |    288 |    150 |      0 |    277 |   1 |  438.0 |
               +--------+--------+--------+--------+--------+-----+--------+

Top non-repeatable levels by time:
     D:3: 1119 daAuts
     D:2: 996 daAuts
     D:1: 815 daAuts
     D:4: 787 daAuts
  Temple: 438 daAuts
     D:5: 250 daAuts
